 Dungeon Crawl Stone Soup version 0.16-a0-3880-g9314259 (webtiles) character file.

167870 abixa the Fencer (level 17, -15/152 HPs)
             Began as a Minotaur Hunter on Feb 1, 2015.
             Was the Champion of Makhleb.
             Demolished by a naga warrior (18 damage)
             ... on level 3 of the Snake Pit.
             The game lasted 02:32:39 (30609 turns).

abixa the Fencer (Minotaur Hunter)                 Turns: 30609, Time: 02:32:39

Health: -15/152    AC: 24    Str: 21    XL:     17   Next: 32%
Magic:  29/29      EV: 14    Int:  8    God:    Makhleb [******]
Gold:   3577       SH:  0    Dex: 17    Spells: 0 memorised, 16 levels left

rFire  + . .     SeeInvis .     P - +3 great sword (distort)
rCold  + . .     Clarity  .     b - +1 plate armour {rN+}
rNeg   + + .     SustAb   .     (no shield)
rPois  +         Gourm    .     (helmet restricted)
rElec  .         Spirit   .     k - +1 cloak {MR+}
rCorr  .         Warding  .     (no gloves)
rMut   .         Stasis   .     t - +2 pair of boots {Stlth+}
MR     ++...                    X - amulet of faith
Stlth  ..........               d - ring of Tudebyto {rPois+ rF+ rC+ rN+ Str+3}
                                l - +4 ring of slaying

@: lethally poisoned (-15 -> -15), constricted, very resistant to hostile
enchantments, extremely unstealthy
A: retaliatory headbutt, horns 2
a: Minor Destruction, Lesser Servant of Makhleb, Major Destruction, Greater
Servant of Makhleb, Renounce Religion


You were on level 3 of the Snake Pit.
You worshipped Makhleb.
Makhleb was exalted by your worship.
You were not hungry.

You visited 6 branches of the dungeon, and saw 32 of its levels.
You also visited: Ice Cave and Volcano.

You collected 4040 gold pieces.
You spent 463 gold pieces at shops.

Inventory:

Hand weapons
 P - a +3 great sword of distortion (weapon)
Missiles
 m - 4 bolts of frost
 s - 7 bolts of flame
 O - 205 bolts
 U - 3 throwing nets
 Z - 14 javelins (quivered)
Armour
 b - a +1 plate armour of positive energy (worn)
 k - a +1 cloak of magic resistance (worn)
 t - a +2 pair of boots of stealth (worn)
 z - a +0 chain mail of fire resistance
Jewellery
 d - the ring of Tudebyto (right hand) {rPois+ rF+ rC+ rN+ Str+3}
   (You found it on level 9 of the Dungeon)

   [ring of positive energy]

   It affects your strength (+3).
   It protects you from fire.
   It protects you from cold.
   It protects you from poison.
   It protects you from negative energy.
 f - an uncursed ring of positive energy
 l - a +4 ring of slaying (left hand)
 v - an uncursed ring of invisibility
 A - the ring "Cusioxa" {Wiz -Tele +Fly rC+}
   (You found it in an ice cave)

   [ring of wizardry]

   It improves your spell success rate.
   It protects you from cold.
   It lets you fly.
   It prevents most forms of teleportation.
 K - an uncursed ring of protection from cold
 X - an amulet of faith (around neck)
Magical devices
 a - a wand of digging (24)
 n - a wand of disintegration (8)
 w - a wand of fire (2)
 D - a wand of fire (9)
 E - a wand of cold (7)
 R - a wand of disintegration (17)
 T - a wand of fireball (0)
Scrolls
 e - 3 scrolls of blinking
 h - 14 scrolls of remove curse
 i - 8 scrolls of teleportation
 q - a scroll of recharging
 r - 2 scrolls of magic mapping
 y - a scroll of identify
 L - a scroll of acquirement {unknown}
 W - 3 scrolls of fear
 Y - a scroll of fog
Potions
 c - 11 potions of curing
 g - 4 potions of berserk rage
 j - 9 potions of might
 o - 5 potions of haste
 B - 2 potions of brilliance
 C - a potion of cancellation {unknown}
 F - 3 potions of ambrosia
 I - a potion of invisibility
 J - 3 potions of heal wounds
 V - 4 potions of agility
Miscellaneous
 u - a lamp of fire
 M - a lamp of fire
Comestibles
 p - 15 fruits
 x - a meat ration
 G - a bread ration


   Skills:
 - Level 14.2 Fighting
 - Level 18.6 Long Blades
   Level 4.3 Crossbows
 - Level 15.0 Armour
 - Level 13.3 Dodging
 - Level 0.7 Stealth
 + Level 13.6 Invocations


You had 16 spell levels left.
You didn't know any spells.

Dungeon Overview and Level Annotations

Branches:
Dungeon (15/15)            Temple (1/1) D:6            Lair (8/8) D:9
 Shoals (0/5) Lair:3        Snake (3/5) Lair:4        Slime (0/6) Lair:6
    Orc (4/4) D:9             Elf (1/3) Orc:3        Vaults (0/5) D:14
 Depths (0/5) D:15

Altars:
Ashenzari
Cheibriados
Dithmenos
Elyvilon
Fedhas
Gozag
Kikubaaqudgha
Makhleb
Nemelex Xobeh
Okawaru
Qazlal
Ru
Sif Muna
Trog
Vehumet
Xom
Yredelemnul
Zin
The Shining One
Beogh

Shops:
D:8 %   D:11 :   Orc:1 [   Orc:3 [   Orc:4 (!(*   Snake:1 [

Portals:
Trove: D:15 (give +6 demon whip)

Annotations:
D:4 Prince Ribbit
D:7 timbw's ghost, experienced TrFi
D:14 food


Innate Abilities, Weirdness & Mutations

You reflexively headbutt those who attack you in melee.
You have a pair of horns on your head.


Message History

The bolt of poison misses the naga warrior.
The naga warrior hits you with a spear!
* * * LOW HITPOINT WARNING * * *
The naga warrior grabs you.
You stop ascending the stairs.
* * * LOW HITPOINT WARNING * * *
The naga warrior constricts you.
The naga mage gestures at you while chanting.
You resist with almost no effort. The guardian serpent hits you!
* * * LOW HITPOINT WARNING * * *
The naga warrior hits you but does no damage. x2
Drink which item? (? for menu, Esc to quit)
You feel much better.
You feel sick.
The naga mage hits you with a short sword!
* * * LOW HITPOINT WARNING * * *
The naga warrior hits you with a spear!
* * * LOW HITPOINT WARNING * * *
The naga warrior constricts you.
The guardian serpent coils itself and performs some mystic snake dance.
The naga warrior hits you!!
You die...

#......... ########
#......... #......#
#......... #......##
##...[....
#.......#####....>....
#..................... ###
#.#.#.............. ....#
#NN................ .....
#@#.###)...........
......#SN.###..##........
.......#N...###.##........
........†.................
.......#..##.#.#######....
.....##..##...# #....#
..... #......## ####.#
####..#.....###### #..
#...<........< .


You could see 3 naga warriors, a guardian serpent and a naga mage.

Vanquished Creatures
  Maud (D:15)
  2 fire dragons (D:15)
  Josephine (Orc:4)
  2 vault guards (D:14)
  Fannar (Lair:7)
  Harold (Lair:8)
  An ice dragon (IceCv)
  5 naga warriors
  4 centaur warriors
  2 anacondas
  Erica (D:13)
  4 hydras
  7 death yaks
  Urug (D:15)
  3 orc high priests (Orc:4)
  3 shock serpents
  5 naga sharpshooters
  Nergalle (D:13)
  2 skeletal warriors (D:14)
  3 deep elf knights (Elf:1)
  A catoblepas (Lair:8)
  A wizard (D:14)
  2 ice statues (IceCv)
  3 hill giants
  A necromancer (D:14)
  A lindwurm (Volcano)
  4 orc sorcerers (Orc:4)
  A mana viper (Snake:1)
  2 deep elf conjurers
  2 manticores
  A toenail golem (Volcano)
  11 ugly things
  A guardian serpent (Snake:3)
  15 black mambas
  2 griffons
  6 orc knights
  4 elephants (Lair:7)
  A cyclops (D:15)
  6 naga magi
  3 molten gargoyles (Volcano)
  A torpor snail (Lair:6)
  A gargoyle (D:13)
  Psyche (Orc:2)
  13 spiny frogs
  A redback zombie (D:15)
  9 komodo dragons
  7 fire drakes
  A spriggan druid (Lair:8)
  A queen bee (shapeshifter) (D:13)
  8 polar bears
  9 trolls
  24 blink frogs
  A two-headed ogre (D:9)
  2 fire vortices (Volcano)
  7 slime creatures
  A trapdoor spider zombie (D:10)
  8 redbacks (Lair:8)
  3 basilisks
  10 spriggans
  A trapdoor spider (D:15)
  6 deep elf magi
  39 yaks
  2 wyverns
  A centaur simulacrum (D:15)
  5 deep elf fighters
  A wraith (D:11)
  17 humans
  2 vampire mosquitoes (D:13)
  A hungry ghost (D:10)
  6 hippogriffs
  Edmund (D:4)
  Menkaure (D:4)
  24 wolves
  20 nagas
  2 wargs (Orc:3)
  23 water moccasins
  5 black bears
  18 ice beasts
  8 porcupines
  27 orc warriors
  A sky beast (D:15)
  An eye of draining (D:15)
  5 wasps (Lair:8)
  23 ogres
  2 necrophages
  2 phantoms
  5 centaurs
  2 big kobolds
  12 giant frogs
  12 crocodiles
  7 killer bees
  8 scorpions
  12 wights
  3 electric eels
  A goliath beetle (D:6)
  21 hounds
  17 jellies
  2 giant frog zombies
  A quasit (D:14)
  A gnoll shaman (Temple)
  3 centaur skeletons
  3 crimson imps
  3 giant frog skeletons (D:11)
  25 orc priests
  28 orc wizards
  8 iguanas
  6 worker ants
  2 hell rats (Lair:6)
  10 sheep
  Ijyb (D:7)
  A hound skeleton (D:4)
  10 gnolls
  28 adders
  40 river rats
  4 shadow imps
  A worm (D:2)
  3 adder zombies
  2 adder skeletons
  An orc simulacrum (Orc:4)
  7 giant geckos
  An ooze (Lair:6)
  177 orcs
  5 giant cockroaches
  23 goblins
  22 hobgoblins
  33 kobolds
  16 bats
  A giant gecko skeleton (D:7)
  3 giant spores
  A goblin zombie (Orc:4)
  A hobgoblin zombie (Orc:4)
  25 jackals
  A jackal skeleton (D:4)
  A jackal zombie (D:6)
  An orc skeleton (Orc:4)
  An orc zombie (Orc:4)
  14 quokkas
  A quokka skeleton (D:10)
  A quokka zombie (D:8)
  11 rats
  8 ballistomycetes
  3 fungi (Lair:8)
  A plant (Lair:2)
1111 creatures vanquished.

Vanquished Creatures (collateral kills)
  A fire drake (Lair:6)
  A boring beetle (Lair:6)
  A quokka (Lair:6)
3 creatures vanquished.

Vanquished Creatures (others)
  A vault guard (D:14)
  An ice dragon (IceCv)
  2 hydras
  An anaconda (Snake:2)
  A death yak (Lair:8)
  A centaur warrior (D:13)
  A catoblepas (Lair:3)
  A deep elf conjurer (Elf:1)
  An orc knight (Orc:2)
  An ugly thing (D:14)
  An orc sorcerer (Orc:4)
  2 cyclopes
  A slime creature (D:14)
  3 black mambas
  A centaur zombie (D:15)
  2 elephants (Lair:7)
  A spiny frog (Lair:2)
  A fire drake (Lair:4)
  4 polar bears
  2 fire vortices (Volcano)
  A spriggan (Lair:8)
  2 yaks
  2 humans (D:14)
  A hog (D:8)
  2 wolves (Lair:8)
  2 hippogriffs
  A naga (Snake:3)
  An orc warrior (Orc:4)
  A black bear (Lair:8)
  5 centaurs (D:13)
  An ogre (Orc:1)
  A big kobold (D:8)
  A crocodile (Lair:2)
  2 giant frogs
  An orc priest (D:8)
  A jelly (Lair:6)
  An orc wizard (D:12)
  A worker ant (D:14)
  2 hell rats (Lair:6)
  A mummy (D:9)
  An orc skeleton (Orc:4)
  2 orcs
  A giant spore (D:10)
  15 fungi
  A plant (Lair:8)
79 creatures vanquished.

Grand Total: 1193 creatures vanquished

Notes
Turn   | Place    | Note
--------------------------------------------------------------
     0 | D:1      | abixa, the Minotaur Hunter, began the quest for the Orb.
     0 | D:1      | Reached XP level 1. HP: 18/18 MP: 1/1
   247 | D:1      | Reached XP level 2. HP: 24/26 MP: 1/1
   310 | D:1      | Reached skill level 1 in Armour
   982 | D:2      | Reached XP level 3. HP: 10/31 MP: 2/2
  1321 | D:2      | Found an opulent altar of Gozag.
  1818 | D:3      | Reached XP level 4. HP: 40/40 MP: 2/2
  1992 | D:3      | Found a sparkling altar of Nemelex Xobeh.
  2390 | D:4      | Reached XP level 5. HP: 40/47 MP: 2/2
  2434 | D:4      | Noticed an ogre
  2442 | D:4      | Killed an ogre
  2476 | D:4      | Noticed Prince Ribbit
  2556 | D:4      | Reached skill level 5 in Fighting
  2556 | D:4      | Reached XP level 6. HP: 54/56 MP: 3/3
  2677 | D:4      | Noticed Edmund
  2725 | D:4      | Killed Edmund
  2917 | D:4      | Reached skill level 5 in Dodging
  3089 | D:4      | Noticed an ogre
  3095 | D:4      | Killed an ogre
  3095 | D:4      | Reached XP level 7. HP: 48/62 MP: 3/3
  3179 | D:4      | Reached skill level 6 in Fighting
  3285 | D:4      | Noticed Menkaure
  3308 | D:4      | Killed Menkaure
  3308 | D:4      | Reached skill level 5 in Armour
  3628 | D:4      | You fall through a shaft for 2 floors!
  3675 | D:6      | Found a staircase to the Ecumenical Temple.
  3681 | D:5      | Entered Level 5 of the Dungeon
  3805 | Temple   | Entered the Ecumenical Temple
  3879 | Temple   | Became a worshipper of Makhleb the Destroyer
  3926 | Temple   | Reached XP level 8. HP: 26/71 MP: 3/3
  4404 | Temple   | Reached skill level 7 in Fighting
  4416 | D:6      | Acquired Makhleb's first power
  4796 | D:6      | Found a radiant altar of Vehumet.
  5015 | D:6      | Found a white marble altar of Elyvilon.
  5039 | D:6      | Found a deep blue altar of Sif Muna.
  5472 | D:7      | Noticed Ijyb
  5497 | D:7      | Killed Ijyb
  5663 | D:7      | Reached skill level 8 in Fighting
  5665 | D:7      | Acquired Makhleb's second power
  5689 | D:7      | Noticed timbw's ghost (experienced TrFi)
  5765 | D:7      | Reached skill level 1 in Invocations
  6315 | D:8      | Found Geumm's Food Emporium.
  6392 | D:8      | Reached skill level 1 in Long Blades
  6392 | D:8      | Reached XP level 9. HP: 81/81 MP: 6/6
  6801 | D:8      | Reached skill level 5 in Long Blades
  7048 | D:8      | Acquired Makhleb's third power
  7408 | D:9      | Found an iron altar of Okawaru.
  7648 | D:9      | Reached skill level 9 in Long Blades
  7680 | D:9      | Acquired Makhleb's fourth power
  8054 | D:9      | Reached skill level 10 in Long Blades
  8091 | D:9      | Reached XP level 10. HP: 88/88 MP: 6/6
  8092 | D:9      | Found a staircase to the Orcish Mines.
  8197 | D:9      | Found a staircase to the Lair.
  8200 | D:9      | Got a wavering marble ring
  8455 | D:9      | Found a roughly hewn altar of Beogh.
  8467 | D:9      | Reached skill level 11 in Long Blades
  8592 | Lair:1   | Entered Level 1 of the Lair of Beasts
  8594 | Lair:1   | Noticed a four-headed hydra
  8639 | Orc:1    | Entered Level 1 of the Orcish Mines
  8648 | Orc:1    | Acquired Makhleb's fifth power
  8658 | Orc:1    | Found Qeheaf's Armour Shop.
  8725 | Orc:1    | Bought a +0 cloak of magic resistance for 161 gold pieces
  8929 | Orc:1    | Identified the ring of Tudebyto {rPois+ rF+ rC+ rN+ Str+3} (You found it on level 9 of the Dungeon)
  8944 | Orc:2    | Noticed an orc knight
  9074 | Orc:2    | Noticed an orc knight
  9225 | D:9      | Reached skill level 12 in Long Blades
  9896 | Orc:1    | Reached skill level 13 in Long Blades
 10023 | Orc:2    | Killed an orc knight
 10033 | Orc:2    | Banished an orc knight
 10084 | Orc:2    | Noticed Psyche
 10102 | Orc:2    | Killed Psyche
 10444 | Lair:1   | Banished an eight-headed hydra
 10444 | Lair:1   | Reached skill level 14 in Long Blades
 10444 | Lair:1   | Reached XP level 11. HP: 69/94 MP: 6/8
 11099 | Lair:1   | Reached skill level 5 in Invocations
 11564 | Lair:2   | Noticed a four-headed hydra
 11573 | Lair:2   | Killed a six-headed hydra
 12495 | Lair:3   | Reached skill level 15 in Long Blades
 12506 | Lair:3   | Found a staircase to the Shoals.
 12514 | Lair:3   | Reached XP level 12. HP: 88/101 MP: 20/20
 12978 | Lair:3   | Noticed a catoblepas
 12995 | Lair:3   | Banished a catoblepas
 13659 | Lair:4   | Noticed a six-headed hydra
 13668 | Lair:4   | Banished a nine-headed hydra
 13668 | Lair:4   | Reached skill level 10 in Armour
 13725 | Lair:4   | Found a staircase to the Snake Pit.
 14418 | Lair:5   | Found a dark tunnel.
 14462 | Volcano  | Entered a volcano
 14854 | Lair:5   | Noticed an eight-headed hydra
 14862 | Lair:5   | Killed a ten-headed hydra
 14862 | Lair:5   | Reached skill level 16 in Long Blades
 15302 | Lair:5   | Reached skill level 10 in Fighting
 15465 | Lair:5   | Reached XP level 13. HP: 113/113 MP: 21/21
 15803 | Lair:6   | Found a staircase to the Slime Pits.
 16753 | Lair:7   | Reached skill level 10 in Dodging
 16778 | Lair:7   | Found a frozen archway.
 16831 | IceCv    | Entered an ice cave
 17305 | IceCv    | Got a translucent lapis lazuli ring
 17498 | Lair:7   | Identified the ring "Cusioxa" {Wiz -Tele +Fly rC+} (You found it in an ice cave)
 17556 | Lair:7   | Found a sacrificial altar of Ru.
 18183 | Lair:8   | Entered Level 8 of the Lair of Beasts
 18246 | Lair:8   | Noticed Fannar
 18281 | Lair:7   | Killed Fannar
 18491 | Lair:8   | Reached XP level 14. HP: 124/124 MP: 23/23
 18499 | Lair:8   | Reached skill level 17 in Long Blades
 18809 | Lair:8   | Noticed Harold
 18823 | Lair:8   | Killed Harold
 19855 | Lair:8   | Reached skill level 10 in Invocations
 20847 | Orc:3    | Found a staircase to the Elven Halls.
 20887 | Orc:3    | Found a roughly hewn altar of Beogh.
 21019 | Orc:3    | Found Udiet's Armour Shoppe.
 21474 | Orc:4    | Entered Level 4 of the Orcish Mines
 21581 | Orc:4    | Found a roughly hewn altar of Beogh.
 21613 | Orc:4    | Noticed Josephine
 21653 | Orc:4    | Killed Josephine
 22124 | Orc:4    | Found Meosk's Distillery.
 22235 | Orc:4    | Found Entad's Assorted Antiques.
 22243 | Orc:4    | Found Nupaisot's Weapon Emporium.
 22272 | Orc:4    | Found Valas' Antique Weapon Shop.
 22294 | Orc:4    | Bought a scroll of identify for 66 gold pieces
 22417 | Orc:3    | Bought a +2 pair of boots of stealth for 236 gold pieces
 22645 | D:10     | Entered Level 10 of the Dungeon
 23406 | D:11     | Found Cal Trai's Book Shop.
 23652 | D:11     | Reached XP level 15. HP: 116/134 MP: 25/25
 24553 | D:13     | Noticed Nergalle
 24566 | D:13     | Killed Nergalle
 24992 | D:13     | Found a sparkling altar of Nemelex Xobeh.
 25055 | D:13     | Noticed Erica
 25067 | D:13     | Killed Erica
 25164 | D:14     | Reached skill level 18 in Long Blades
 25434 | D:14     | Found a roughly hewn altar of Beogh.
 26181 | D:14     | Found a gate to the Vaults.
 26277 | D:15     | Entered Level 15 of the Dungeon
 26491 | D:15     | Found a staircase to the Depths.
 26781 | D:15     | Noticed Maud
 26789 | D:15     | Killed Maud
 26929 | D:15     | Found a portal to a secret trove of treasure.
 26951 | D:15     | Noticed Urug
 26956 | D:15     | Killed Urug
 27024 | D:15     | Found a burning altar of Makhleb.
 27578 | Lair:2   | Reached XP level 16. HP: 145/145 MP: 27/28
 27701 | Elf:1    | Entered Level 1 of the Elven Halls
 28279 | Snake:1  | Entered Level 1 of the Snake Pit
 28365 | Snake:1  | Reached XP level 17. HP: 145/151 MP: 29/29
 28407 | Snake:1  | Found Shrozy's Armour Shop.
 29556 | Snake:2  | Found an opulent altar of Gozag.
 29949 | Snake:2  | Reached skill level 15 in Armour
 30608 | Snake:3  | HP: 4/152 [guardian serpent (14)]
 30609 | Snake:3  | Demolished by a naga warrior

Action                   |  1- 3 |  4- 6 |  7- 9 | 10-12 | 13-15 | 16-18 || total
-------------------------+-------+-------+-------+-------+-------+-------++-------
Melee: Short sword       |   118 |   109 |   262 |       |       |       ||   489
       Halberd           |       |       |    10 |       |       |       ||    10
       Great sword       |       |       |   129 |   587 |  1471 |   237 ||  2424
 Fire: Hunting sling     |       |     4 |       |       |       |       ||     4
Throw: Stone             |    13 |       |     1 |     1 |       |       ||    15
       Tomahawk          |       |     3 |    16 |    36 |       |       ||    55
       Javelin           |       |       |       |    13 |     2 |     1 ||    16
Invok: Minor Destruction |       |       |       |    21 |    11 |     1 ||    33
       Major Destruction |       |       |       |     5 |     7 |    20 ||    32
       Greater Servant o |       |       |       |       |     1 |       ||     1
Evoke: Wand              |       |       |     2 |    13 |       |       ||    15
  Use: Scroll            |       |       |     1 |    13 |    15 |     2 ||    31
       Potion            |       |       |       |       |     1 |     3 ||     4
 Stab: Confused          |       |       |       |       |     1 |       ||     1
  Eat: Chunk             |     3 |     4 |    16 |    26 |    40 |    12 ||   101
       Fruit             |       |       |       |       |     1 |       ||     1
